 Dungeon Crawl Stone Soup version 0.30.0-17-ge0270778cf (webtiles) character file.

Game seed: 15787946526966458242

1157 Goldberg the Ruffian (level 8, -2/73 (75) HPs)
             Began as a Troll Chaos Knight on May 21, 2023.
             Was a Plaything of Xom.
             Slain by a lemure (3 damage)
             ... led by Pikel
             ... on level 8 of the Dungeon.
             The game lasted 00:11:43 (2366 turns).

Goldberg the Ruffian (Troll Chaos Knight)           Turns: 2366, Time: 00:11:44

HP:   -2/73 (75)    AC:  9    Str: 21    XL:     8   Next: 16%
MP:   6/9           EV: 15    Int: 10    God:    Xom [......]
Gold: 88            SH:  0    Dex:  9    Spells: 8/10 levels left

rFire   + .          .
                       - Unarmed
rCold   . . .        (no shield)
rNeg    . . .        a - +2 robe
rPois   .            (helmet restricted)
rElec   .            o - +2 cloak
rCorr   .            (gloves unavailable)
SInv    .            (boots unavailable)
Will    .....        d - amulet of faith
Stlth   +            g - +5 ring of evasion
HPRegen 1.12/turn    j - ring of protection from fire
MPRegen 0.11/turn

%: faith
@: attractive, lightly drained
A: large, unfitting armour, claws 3, regeneration 1, shaggy fur 1, tough skin 1
a: Renounce Religion


You were on level 8 of the Dungeon.
You worshipped Xom.
You were a very special plaything of Xom.
You visited 1 branch of the dungeon, and saw 8 of its levels.

You collected 253 gold pieces.
You spent 165 gold pieces at shops.

Inventory:

Armour
 a - a +2 robe (worn)
 o - a +2 cloak (worn)
Jewellery
 d - an amulet of faith (around neck)
 g - a +5 ring of evasion (left claw)
 j - a ring of protection from fire (right claw)
Wands
 c - a wand of mindburst (6)
Scrolls
 f - 2 scrolls of fog
 i - a scroll of enchant weapon
 l - a scroll of enchant armour
Potions
 e - a potion of attraction
 m - 3 potions of curing
 n - a potion of magic {unknown}
Miscellaneous
 b - a piece from Xom's chessboard (15/15)


   Skills:
 * Level 3.4 Fighting
 * Level 2.1 Armour
 * Level 3.6 Dodging
 * Level 1.5 Stealth
 * Level 6.2 Unarmed Combat
 * Level 1.5 Spellcasting
 * Level 1.6 Fire Magic
 * Level 1.8 Evocations


You had 8 spell levels left.
You knew the following spells:

 Your Spells              Type           Power      Damage    Failure   Level
a - Scorch                Fire           8%         2d5       26%         2

Your spell library contained the following spells:

 Spells                   Type           Power      Damage    Failure   Level
 Kiss of Death            Conj/Necr      0%         2d5       32%         1
 Sandblast                Erth           0%         2d4       32%         1
 Passwall                 Tmut/Erth      0%         N/A       45%         2
 Confusing Touch          Hex            0%         N/A       69%         3
 Stone Arrow              Conj/Erth      0%         3d7       69%         3
 Flame Wave               Conj/Fire      2%         2d4       93%         4
 Dispel Undead            Necr           0%         3d6       97%         4
 Summon Cactus Giant      Summ           0%         N/A       100%        6
 Chain Lightning          Conj/Air       0%         N/A       100%        9
 Fire Storm               Conj/Fire      1%         7d1       100%        9
 Shatter                  Erth           0%         3d5*      100%        9


Dungeon Overview and Level Annotations

Branches:
Dungeon (8/15)
 Temple: D:4-7         Lair: D:8-11

Altars:
Ashenzari
Cheibriados

Shops:
D:6 =   D:7 [

Annotations:
D:8 Pikel


Innate Abilities, Weirdness & Mutations

You are too large for most types of armour.
You have claws for hands.
Your natural rate of healing is unusually fast.
You are covered in fur. (AC +1)
You have tough skin. (AC +1)


Message History

Pikel hits you with a +1 whip of freezing.
* * * LOW HITPOINT WARNING * * *
Pikel freezes you.
* * * LOW HITPOINT WARNING * * *
The white imp is attracted toward you. The lemure is attracted toward you. x2
Blink to where?
Press: ? - help, Dir - move target
As you read the scroll of blinking, it crumbles to dust.
You feel sick.
You are no longer poisoned.
Pikel is attracted toward you. The lemure is attracted toward you. x2
The white imp is attracted toward you. The wight is attracted toward you.
The orc is attracted toward you.
Aiming: Mindburst
Press: ? - help, Shift-Dir - straight line, f - Pikel
Aim: Pikel, wielding a +1 whip of freezing and wearing a +0 robe (chance to affect: 72%) Pikel's mind is blasted!
Pikel is attracted toward you. The lemure is attracted toward you.
The orc is attracted toward you. The wight is attracted toward you.
The lemure is attracted toward you. The wight is attracted toward you.
Something is attracted toward you.
Aiming: Mindburst
Press: ? - help, Shift-Dir - straight line, f/p - Pikel
Aim: Pikel, wielding a +1 whip of freezing and wearing a +0 robe (heavily wounded, chance to affect: 72%) Pikel's mind is blasted!
Pikel says, "I knew I should've brought a map."
Pikel hits you with a +1 whip of freezing.
* * * LOW HITPOINT WARNING * * *
Pikel freezes you.
* * * LOW HITPOINT WARNING * * *
The lemure is attracted toward you. The wight is attracted toward you.
The lemure is attracted toward you.
You feel better. Pikel barely misses you.
The lemure hits you but does no damage.
The wight hits you from afar with a +1 trident of flaming!
* * * LOW HITPOINT WARNING * * *
The wight burns you.
* * * LOW HITPOINT WARNING * * *
The orc barely misses you. The lemure hits you.
You die...
Xom howls with laughter!

###..........#
#............# ..
#.......[....# ...
#............# ....
#............# #....
#............####.....
#.....z.......#...#
#....5o.§.......#
###..@K5{.z§{.z##
#####...5z.......#
#.........55.§...#
#.............§..#
#......#########5#
######.# #5# #.# #§#
#.# .§§ #.# ..Kz.


You could see Pikel, 4 lemures, 2 wights, a white imp and an orc.

Vanquished Creatures
  A wyvern (D:7)
  Menkaure (D:4)
  An orc warrior (D:8)
  3 ogres
  A bullfrog (D:7)
  A scorpion (D:4)
  A jelly (D:7)
  A gnoll bouda (D:7)
  A hound (D:5)
  A sleepcap (D:7)
  An iguana (D:3)
  An orc wizard (D:8)
  8 gnolls (D:7)
  2 adders
  A shadow imp (D:7)
  A white imp (D:7)
  An ufetubus (D:5)
  A dart slug (D:3)
  7 orcs
  4 endoplasms
  A giant cockroach (D:1)
  5 goblins
  4 hobgoblins
  4 quokkas
  2 bats
  2 frilled lizards
  2 kobolds (D:1)
  4 rats
63 creatures vanquished.

Vanquished Creatures (collateral kills)
  An ogre (D:6)
  A gnoll (D:7)
2 creatures vanquished.

Grand Total: 65 creatures vanquished

Notes
Turn   | Place    | Note
-------+----------+-------------------------------------------
     0 | D:1      | Goldberg the Troll Chaos Knight began the quest for the
                  | Orb.
     0 | D:1      | Reached XP level 1. HP: 22/22 MP: 0/0
   137 | D:1      | XOM is BORED!
   137 | D:1      | XOM: 3-stop teleportation journey
   225 | D:1      | XOM: silly message
   292 | D:1      | Reached XP level 2. HP: 29/29 MP: 1/1
   447 | D:2      | XOM is BORED!
   447 | D:2      | XOM: 5-stop teleportation journey
   571 | D:2      | Reached XP level 3. HP: 36/36 MP: 2/2
   574 | D:2      | Learned a level 2 spell: Scorch
   693 | D:3      | XOM: silly message
  1084 | D:3      | Reached XP level 4. HP: 43/44 MP: 0/3
  1095 | D:4      | Noticed Menkaure
  1097 | D:4      | XOM: divination: detect creatures
  1099 | D:4      | XOM: cleaving
  1103 | D:4      | Killed Menkaure
  1104 | D:4      | Reached skill level 1 in Armour
  1104 | D:4      | Reached skill level 4 in Unarmed Combat
  1104 | D:4      | Reached XP level 5. HP: 52/52 MP: 1/4
  1147 | D:4      | Found a broken altar of Ashenzari.
  1156 | D:4      | Reached skill level 1 in Evocations
  1217 | D:5      | Entered Level 5 of the Dungeon
  1347 | D:5      | Noticed an ogre
  1357 | D:5      | Killed an ogre
  1358 | D:5      | Reached XP level 6. HP: 61/61 MP: 2/6
  1377 | D:5      | XOM: smoke on damage
  1403 | D:5      | Reached skill level 1 in Stealth
  1443 | D:6      | Reached skill level 5 in Unarmed Combat
  1443 | D:6      | Reached skill level 1 in Fire Magic
  1448 | D:6      | Reached skill level 1 in Spellcasting
  1448 | D:6      | Reached XP level 7. HP: 64/67 MP: 7/7
  1451 | D:6      | Found Jutic's Jewellery Shoppe.
  1483 | D:7      | Found Voing's Armour Boutique.
  1491 | D:7      | Bought a +2 cloak for 165 gold pieces
  1530 | D:7      | Found a snail-covered altar of Cheibriados.
  1585 | D:7      | XOM: fog
  1590 | D:7      | Noticed a wyvern
  1838 | D:7      | XOM: enchant monster (bad)
  1849 | D:7      | XOM: swap monsters
  1891 | D:7      | XOM: divination: magic mapping
  1945 | D:7      | Noticed a wyvern
  1955 | D:7      | Killed a wyvern
  1985 | D:7      | XOM: summons 3 friendly demons
  2030 | D:7      | Reached skill level 6 in Unarmed Combat
  2030 | D:7      | Reached XP level 8. HP: 71/75 MP: 2/9
  2118 | D:7      | XOM: potion effect (invisibility)
  2281 | D:8      | XOM: summons 3 hostile shadow creatures
  2345 | D:8      | Noticed Pikel
  2347 | D:8      | XOM: chaos upgrade
  2349 | D:8      | XOM: enchant monster (bad)
  2365 | D:8      | HP: 1/73 [Pikel/+1 whip of freezing (3)]
  2366 | D:8      | Slain by a lemure

Illustrated notes

Levels and vault maps discovered:
D:1:      nicolae_arrival_memento_mori, layout_loops_ring
D:2:      kennysheep_the_goblin_king, layout_basic,
          shapermc_ecumenical_altar_mp_vishouse, minmay_heptomino_o4
D:3:      layout_rooms
D:4:      layout_cave_pools, cheibrodos_ashenzari_chains,
          nicolae_figureground_pulse, uniq_menkaure, uniq_pargi
D:5:      layout_basic, serial_shops, nicolae_shop_rolled_up, shop_statue, shop,
          serial_co_window_serial, co_window_cross_1, co_window_corner_a,
          co_window_corner_a, co_window_paths_b, co_window_of_opportunity_a,
          co_window_corner_a, co_window_of_opportunity_b, co_window_2corner,
          co_window_broadway_a, co_window_paths_d, glass_columns_a,
          interstate_on_off
D:6:      layout_loops_ring, mainiacjoe_overflow_small_starburst,
          minmay_temple_entry_poolview, serial_shops,
          nicolae_shop_tiny_real_fake_doors, minmay_ruined_shrine
D:7:      minmay_razor_zed, layout_loops_corners, mainiacjoe_overflow_24_doors,
          serial_shops, shop
D:8:      layout_basic, kennysheep_mini_moat, lair_entry_dummy, uniq_pikel,
          uniq_maggie

Skill      XL: |  1  2  3  4  5  6  7 |
---------------+----------------------+-----
Dodging        | 2 3 |  3.6
Armour         | 1 2 |  2.1
Unarmed Combat | 4 5 6 |  6.2
Evocations     | 1 |  1.8
Fighting       | 3 |  3.4
Stealth        | 1 |  1.5
Fire Magic     | 1 |  1.6
Spellcasting   | 1 |  1.5

Action                     |  1- 3 |  4- 6 |  7- 9 || total
---------------------------+-------+-------+-------++-------
  Melee: Unarmed           |    71 |    42 |    94 ||   207
         Punch             |     4 |     1 |     5 ||    10
   Cast: Scorch            |     4 |       |     9 ||    13
  Evoke: Piece from Xom's  |     2 |     3 |     2 ||     7
         Wand              |       |       |     3 ||     3
    Use: Scroll            |     3 |     2 |     6 ||    11
         Potion            |       |       |     6 ||     6
   Stab: Invisible         |       |       |     2 ||     2
 Armour: Robe              |    27 |     5 |    20 ||    52
  Dodge: Dodged            |    35 |    50 |    65 ||   150
